 Dungeon Crawl Stone Soup version 0.22.1-1-ga44c0e5 (webtiles) character file.

14109 aMcNicky the Impaler (level 12, -16/85 (87) HPs)
             Began as a Merfolk Fighter on Oct 4, 2018.
             Was an Elder of Hepliaklqana.
             Killed from afar by a fire giant (47 damage)
             ... with a bolt of fire
             ... on level 11 of the Dungeon.
             The game lasted 00:50:56 (13049 turns).

aMcNicky the Impaler (Merfolk Fighter)             Turns: 13049, Time: 00:50:57

HP:   -16/85 (87)   AC: 14    Str: 21    XL:     12   Next: 13%
MP:   15/15         EV: 32    Int:  7    God:    Hepliaklqana [****..]
Gold: 691           SH: 11    Dex: 19    Spells: 11/11 levels left

rFire    . . .     SeeInvis .   a - +3 trident
rCold    . . .     Gourm    .   c - +0 shield
rNeg     . . .     Faith    .   G - +2 steam dragon scales
rPois    +         Spirit   .   u - +0 helmet
rElec    +         Reflect  .   e - +0 cloak
rCorr    .         Harm     .   w - +0 pair of gloves
MR       .....                  A - +1 pair of boots {Stlth+}
Stlth    +++.......             v - amulet of the acrobat
HPRegen  0.24/turn              B - +5 ring of dexterity
MPRegen  0.14/turn              R - ring of poison resistance

@: no status effects
A: change form in water, swift swim, stealthy swim, reduced essence, claws 1,
blink, electricity resistance
a: Blink, Recall Ancestor, Ancestor Identity, Transference, Idealise, Renounce
Religion


You were on level 11 of the Dungeon.
You worshipped Hepliaklqana.
Hepliaklqana was greatly pleased with you.
You were hungry.

You visited 2 branches of the dungeon, and saw 12 of its levels.
You also visited: Bailey.

You collected 691 gold pieces.

Inventory:

Hand Weapons
 a - a +3 trident (weapon)
 H - a +0 glaive
 O - the +2 spear of Semoaph {freeze, Dex+3}
   (You found it on level 9 of the Dungeon)

   It has been specially enchanted to freeze those struck by it, causing extra
   injury to most foes and up to half again as much damage against particularly
   susceptible opponents.
   It can also slow down cold-blooded creatures.
   It affects your dexterity (+3).
Missiles
 k - 367 stones (quivered)
Armour
 b - a +0 scale mail
 c - a +0 shield (worn)
 e - a +0 cloak (worn)
 u - a +0 helmet (worn)
 w - a +0 pair of gloves (worn)
 A - a +1 pair of boots of stealth (worn)
 G - +2 steam dragon scales (worn)
Jewellery
 v - an amulet of the acrobat (around neck)
 B - a +5 ring of dexterity (left hand)
 Q - an uncursed ring of positive energy
 R - a ring of poison resistance (right hand)
Wands
 p - a wand of digging (16)
 J - a wand of acid (6)
 M - a wand of iceblast (7)
Scrolls
 d - a scroll of vulnerability {unknown}
 g - 2 scrolls of random uselessness
 h - a scroll of fear {unknown}
 o - a scroll of noise {unknown}
 s - 5 scrolls of remove curse {@r2}
 x - 2 scrolls of magic mapping
 y - 3 scrolls of enchant weapon
 E - 3 scrolls of blinking {unknown}
 F - a scroll of brand weapon {unknown}
 L - 2 scrolls of summoning {unknown}
 N - a scroll of immolation {unknown}
 P - 2 scrolls of teleportation {unknown}
 S - a scroll of identify {@r1}
 T - 2 scrolls of enchant armour {unknown}
Potions
 i - 4 potions of mutation
 j - 2 potions of invisibility
 l - 2 potions of berserk rage
 n - 6 potions of curing {@q1}
 q - 2 potions of haste {unknown}
 r - a potion of agility {unknown}
 t - a potion of resistance
 z - 2 potions of heal wounds {unknown}
 C - 2 potions of cancellation {unknown}
 D - a potion of flight {unknown}
 I - a potion of brilliance {unknown}
 K - a potion of degeneration {unknown}
Comestibles
 f - 25 rations
 m - 3 chunks of flesh


   Skills:
 + Level 9.9 Fighting
 - Level 15.1 Polearms
 + Level 6.8 Armour
 + Level 8.4 Dodging
 + Level 7.5 Shields
 + Level 4.7 Invocations


You had 11 spell levels left.
You didn't know any spells.
Your spell library contained the following spells:

 Spells                   Type           Power        Failure   Level  Hunger
 Animate Skeleton         Necr           N/A          77%         1    ##.....
 Corona                   Hex            #......      77%         1    ##.....
 Infusion                 Chrm           #...         77%         1    ##.....
 Shroud of Golubria       Chrm/Tloc      #.........   88%         2    ###....
 Slow                     Hex            #.......     88%         2    ###....
 Song of Slaying          Chrm           #.......     88%         2    ###....
 Inner Flame              Hex/Fire       #.......     98%         3    ####...
 Portal Projectile        Hex/Tloc       #.....       98%         3    ####...
 Regeneration             Chrm/Necr      #.........   98%         3    ####...
 Spectral Weapon          Hex/Chrm       #.......     98%         3    ####...
 Animate Dead             Necr           N/A          100%        4    #####..
 Cause Fear               Hex            #.........   100%        4    #####..
 Leda's Liquefaction      Hex/Erth       #.........   100%        4    #####..
 Agony                    Necr           #.......     100%        5    ######.
 Bolt of Draining         Conj/Necr      #.........   100%        5    ######.
 Dispel Undead            Necr           #.......     100%        5    ######.
 Silence                  Hex/Air        #.........   100%        5    ######.
 Yara's Violent Unravell  Hex/Tmut       #.........   100%        5    ######.
 Deflect Missiles         Chrm/Air       #.........   100%        6    #######
 Discord                  Hex            #.........   100%        8    #######


Dungeon Overview and Level Annotations

Branches:
Dungeon (11/15)            Temple (1/1) D:4            Lair (0/6) D:11
    Orc (0/2) D:9

Altars:
Ashenzari
Cheibriados
Dithmenos
Elyvilon
Fedhas
Gozag
Hepliaklqana
Kikubaaqudgha
Makhleb
Nemelex Xobeh
Okawaru
Qazlal
Ru
Sif Muna
Trog
Uskayaw
Vehumet
Wu Jian
Xom
Yredelemnul
Zin
The Shining One

Annotations:
D:5 exclusion: oklob plant


Innate Abilities, Weirdness & Mutations

You revert to your normal form in water.
You are very nimble and swift while swimming.
You are very stealthy in the water. (Stealth+)
Your life essence is reduced to manifest your ancestor. (-10% HP)
You have sharp fingernails.
You can translocate small distances at will.
You are resistant to electric shocks. (rElec)


Message History

You puncture the fire giant!
The fire giant is lightly wounded.
The fire giant hits you with a great sword of flaming!!
The fire giant burns you.
Attack whom?
Press: ? - help, Dir - move target cursor, f/p - fire giant
Aim: a fire giant, wielding a great sword of flaming (lightly wounded)
You reach to attack!
You puncture the fire giant!
The fire giant is lightly wounded.
The fire giant points at you and mumbles some strange words.
The fireball explodes!
The fireball engulfs you!
You hear a shout!
You hear two shouts!
The fire giant casts a spell at you. The bolt of fire misses you.
A fire giant is nearby!
A fire giant is nearby!
The fire giant points at you and mumbles some strange words.
The bolt of fire hits you!
Ouch! That really hurt!
You die...

.#.##
##.......................
....#
##.....#.............#....
.#..##
#.....##..................
.....#
##....#...................
..#..#
#.....##...#............>.
######
#######....#..............
#...........<....>..
#...........<....#..
#..@................ #.
#...#............... '
#...#.............## . .#
# #..C#.............#. .O
..#.. ##..R...............
..#####..'..
##..................
....sl...#
#...............)...
....zC...#
#..............)....
####O#####
#.............).)...


You could see the friendly Buddy the hexer and a fire giant.

Vanquished Creatures
  A two-headed ogre (D:10)
  Sonja (D:10)
  Pikel (D:5)
  3 orc knights (Bailey)
  A cyclops (D:11)
  Maurice (D:8)
  Psyche (D:7)
  A komodo dragon (D:11)
  A tengu conjurer (D:10)
  2 trolls
  A hornet (D:11)
  A hippogriff (D:9)
  Prince Ribbit (D:7)
  Grinder (D:3)
  Sigmund (D:4)
  3 yaks (D:11)
  2 water moccasins
  6 orc warriors
  2 ice beasts
  2 sky beasts
  6 phantoms
  A black bear (D:6)
  4 ogres
  3 centaurs
  2 big kobolds
  6 bullfrogs
  3 scorpions
  4 howler monkeys
  5 crimson imps
  3 centaur skeletons
  2 orc priests
  5 hounds
  8 orc wizards
  Jessica (D:3)
  Ijyb (D:3)
  3 iguanas
  Natasha (twice) (D:4)
  4 worker ants
  8 gnolls
  5 adders
  3 shadow imps (D:9)
  An ooze (D:2)
  2 adder skeletons
  3 adder zombies
  4 worms
  4 dart slugs
  2 leopard geckos
  53 orcs
  10 goblins
  5 hobgoblins
  22 jackals
  2 quokkas
  2 bats (D:1)
  7 frilled lizards
  5 giant cockroaches
  12 kobolds
  A leopard gecko zombie (D:7)
  4 rats
251 creatures vanquished.

Vanquished Creatures (collateral kills)
  A two-headed ogre (D:11)
  A hippogriff (D:11)
  2 hungry ghosts
  A yak (D:11)
  A wyvern (D:10)
  3 orc warriors
  A slave (D:5)
  A sky beast (D:10)
  2 ogres
  3 necrophages
  5 howler monkeys
  A crimson imp (D:11)
  An orc priest (D:8)
  2 hounds (D:10)
  A jelly (D:5)
  5 orc wizards
  A bullfrog skeleton (D:9)
  3 worker ants
  Natasha (D:4)
  An iguana (D:4)
  3 adders
  2 gnolls (D:9)
  A shadow imp (D:5)
  A worm (D:6)
  A dart slug (D:4)
  A leopard gecko (D:4)
  13 orcs
  5 jackals
  2 kobolds (D:11)
  3 quokkas
  A quokka skeleton (D:9)
70 creatures vanquished.

Vanquished Creatures (others)
  Erica (D:8)
  A scorpion (D:5)
  10 hexers
  An adder (D:5)
  5 ancestors
  2 jackals (D:5)
  25 plants
  7 toadstools (D:5)
52 creatures vanquished.

Grand Total: 373 creatures vanquished

Notes
Turn   | Place    | Note
-------+----------+-------------------------------------------
     0 | D:1      | aMcNicky the Merfolk Fighter began the quest for the Orb.
     0 | D:1      | Reached XP level 1. HP: 18/18 MP: 1/1
   176 | D:1      | Reached skill level 4 in Polearms
   176 | D:1      | Reached XP level 2. HP: 24/24 MP: 2/2
   676 | D:2      | Reached skill level 5 in Polearms
   676 | D:2      | Reached XP level 3. HP: 16/29 MP: 3/3
  1236 | D:2      | Reached skill level 6 in Polearms
  1256 | D:2      | Reached XP level 4. HP: 34/35 MP: 4/4
  2023 | D:3      | Found a shattered altar of Ashenzari.
  2025 | D:3      | Noticed Jessica
  2026 | D:3      | Killed Jessica
  2026 | D:3      | Reached skill level 7 in Polearms
  2057 | D:3      | Found a burning altar of Makhleb.
  2121 | D:3      | Noticed Ijyb
  2134 | D:3      | Killed Ijyb
  2134 | D:3      | Reached XP level 5. HP: 39/41 MP: 5/5
  2659 | D:3      | Noticed Grinder
  2659 | D:3      | Paralysed by Grinder for 3 turns
  2668 | D:3      | Paralysed by Grinder for 4 turns
  2680 | D:3      | Paralysed by Grinder for 2 turns
  2686 | D:3      | Paralysed by Grinder for 5 turns
  2696 | D:3      | Killed Grinder
  2696 | D:3      | Reached skill level 8 in Polearms
  2696 | D:3      | Reached XP level 6. HP: 13/48 MP: 6/6
  3114 | D:4      | Noticed Natasha
  3124 | D:4      | Killed Natasha
  3256 | D:4      | Noticed a phantom
  3296 | D:4      | Killed a phantom
  3296 | D:4      | Reached XP level 7. HP: 53/54 MP: 7/7
  3307 | D:4      | Found a staircase to the Ecumenical Temple.
  3319 | D:4      | Reached skill level 9 in Polearms
  3431 | Temple   | Entered the Ecumenical Temple
  3807 | Temple   | Became a worshipper of Hepliaklqana the Forgotten
  3878 | D:4      | Noticed Sigmund
  3896 | D:4      | Killed Sigmund
  4078 | D:4      | Reached XP level 8. HP: 35/54 MP: 8/8
  4289 | D:4      | Reached skill level 10 in Polearms
  4322 | D:4      | Reached skill level 5 in Fighting
  4362 | D:4      | Noticed Natasha
  4373 | D:4      | Killed Natasha
  4417 | D:4      | Noticed Natasha
  4428 | D:4      | Killed Natasha
  4872 | D:5      | Entered Level 5 of the Dungeon
  4961 | D:5      | Reached skill level 5 in Shields
  5013 | D:5      | Noticed Pikel
  5047 | D:5      | Killed Pikel
  5047 | D:5      | Reached skill level 11 in Polearms
  5047 | D:5      | Reached XP level 9. HP: 17/62 MP: 9/9
  5302 | D:5      | Found a bloodstained altar of Trog.
  5380 | D:5      | Reached * piety under Hepliaklqana
  5427 | D:5      | Found a blossoming altar of Fedhas.
  5440 | D:5      | Noticed an oklob plant
  5559 | D:5      | Found a burning altar of Makhleb.
  5633 | D:5      | Found an ancient bone altar of Kikubaaqudgha.
  5939 | D:6      | Reached skill level 12 in Polearms
  7223 | D:7      | Reached skill level 1 in Dodging
  7263 | D:7      | Reached ** piety under Hepliaklqana
  7264 | D:7      | Remembered your ancestor Buddy as a hexer
  7310 | D:7      | Reached skill level 13 in Polearms
  7324 | D:7      | Noticed Prince Ribbit
  7357 | D:7      | Killed Prince Ribbit
  7523 | D:7      | Found a flagged portal.
  7533 | Bailey   | Entered a bailey
  7642 | Bailey   | Noticed an orc knight
  7642 | Bailey   | Noticed an orc knight
  7874 | Bailey   | Reached XP level 10. HP: 71/71 MP: 10/10
  8072 | Bailey   | Reached skill level 5 in Armour
  8075 | Bailey   | Killed an orc knight
  8092 | Bailey   | Killed an orc knight
  8144 | Bailey   | Noticed an orc knight
  8186 | Bailey   | Killed an orc knight
  8186 | Bailey   | Reached skill level 14 in Polearms
  8426 | Bailey   | Gained mutation: You are resistant to electric shocks.
                  | (rElec) [potion of mutation]
  8426 | Bailey   | Gained mutation: You can translocate small distances at
                  | will. [potion of mutation]
  8426 | Bailey   | Gained mutation: You have sharp fingernails. [potion of
                  | mutation]
  9041 | D:8      | Noticed Psyche
  9066 | D:7      | Killed Psyche
  9199 | D:8      | Noticed Maurice
  9356 | D:8      | Killed Maurice
  9356 | D:8      | Reached skill level 5 in Dodging
  9499 | D:8      | Noticed Erica
  9528 | D:8      | Killed Erica
  9528 | D:8      | Reached skill level 15 in Polearms
  9528 | D:8      | Reached XP level 11. HP: 21/78 MP: 11/11
 10102 | D:9      | Reached *** piety under Hepliaklqana
 10119 | D:9      | Reached skill level 1 in Invocations
 10465 | D:9      | Found a radiant altar of Vehumet.
 10465 | D:9      | Found a sparkling altar of Nemelex Xobeh.
 10494 | D:9      | Got an ancient spear
 10495 | D:9      | Identified the +2 spear of Semoaph {freeze, Dex+3} (You
                  | found it on level 9 of the Dungeon)
 10505 | D:9      | Found a hide-covered altar of Uskayaw.
 10729 | D:9      | Found a staircase to the Orcish Mines.
 10859 | D:9      | Found a deep blue altar of Sif Muna.
 10869 | D:9      | Found an iron altar of Okawaru.
 11126 | D:10     | Entered Level 10 of the Dungeon
 11140 | D:10     | Noticed a two-headed ogre
 11151 | D:10     | Killed a two-headed ogre
 11536 | D:10     | Reached **** piety under Hepliaklqana
 11816 | D:10     | Noticed Sonja
 11825 | D:10     | Killed Sonja
 11967 | D:11     | Identified the Almanac of Evil
 12269 | D:11     | Noticed a cyclops
 12286 | D:11     | Killed a cyclops
 12588 | D:11     | Noticed a two-headed ogre
 12606 | D:11     | Killed a two-headed ogre
 12606 | D:11     | Reached XP level 12. HP: 85/85 MP: 15/15
 12868 | D:11     | Found a staircase to the Lair.
 12955 | D:11     | Noticed a fire giant
 12963 | D:11     | Noticed a two-headed ogre
 13049 | D:11     | Killed from afar by a fire giant

Skill      XL: |  1  2  3  4  5  6  7  8  9 10 11 |
---------------+----------------------------------+-----
Polearms       | 4 5 6 7 8 9 11 13 15 | 15.1
Fighting       | 4 6 7 8 9 |  9.9
Shields        | 4 5 6 7 |  7.5
Armour         | 3 4 5 6 |  6.8
Dodging        | 2 5 8 |  8.4
Invocations    | 4 |  4.7

Action                   |  1- 3 |  4- 6 |  7- 9 | 10-12 || total
-------------------------+-------+-------+-------+-------++-------
Melee: Trident           |   138 |   127 |   389 |   464 ||  1118
       Tailslap          |       |       |     2 |     1 ||     3
       Spear             |       |       |       |    67 ||    67
Invok: Recall Ancestor   |       |       |     1 |     1 ||     2
       Ancestor Identity |       |       |     1 |       ||     1
       Ancestor Life: He |       |       |     1 |       ||     1
 Abil: Blink             |       |       |       |     2 ||     2
Evoke: Wand              |       |       |     4 |    24 ||    28
  Use: Scroll            |       |     5 |     5 |     4 ||    14
       Potion            |       |     1 |     2 |     2 ||     5
 Stab: Distracted        |       |       |     3 |     5 ||     8
       Confused          |       |       |     1 |    11 ||    12
       Sleeping          |       |       |       |     8 ||     8
  Eat: Chunk             |     1 |     5 |    13 |    13 ||    32
       Ration            |       |     1 |       |     1 ||     2
Armor: Scale mail        |    39 |    26 |    67 |       ||   132
       Skin              |       |     3 |       |       ||     3
       Steam dragon scal |       |       |       |    58 ||    58
Dodge: Dodged            |    16 |     7 |    53 |   128 ||   204
Block: Shield            |    44 |    27 |    75 |   122 ||   268
